AoeStats
← Trotamundos

Oasis

507522707Analyzed
2v2 RM · 14d ago on Sep 18, 2026· 32m 5s· 4 players
Game mode
Random Map
Map size
Medium (4 player)
Population
200
Speed
Normal
Resources
Standard
Victory
Conquest
Starting age
Dark Age
Ending age
Imperial Age
RankedLock teamsTeams togetherTeam positionsShared explorationLock speedFull tech treeHidden civsTurbo modeCheats
Victory
Defeat
🇨🇦 Jurchens · Canada
1047
+14
🇵🇪 Persians · Peru
1021
+16
🇩🇪 Armenians · Germany
1036
-16
🇩🇪 Franks · Germany
988
-14
TITAN
11:35 Feudal Age
9:51 Loom
12:29 Double-Bit Axe
14:00 Wheelbarrow
18:22 Forging
23:34 Castle Age
23:54 Pikeman
27:30 Squires
29:49 Pikeman
31:13 Hand Cart
32:22 Iron Casting
31:52 Scale Barding Armor
32:05 Bow Saw
Mike
2:51 Loom
6:23 Loom
10:44 Feudal Age
11:08 Man-at-Arms
21:07 Castle Age
18:41 Long Swordsman
21:10 Scale Mail Armor
21:20 Arson
21:16 Two-Handed Swordsman
22:46 Arson
24:00 Forging
24:52 Pikeman
26:51 Double-Bit Axe
31:11 Halberdier
32:13 Bow Saw
31:57 Gold Mining
FuaKatelas
0:45 Loom
11:25 Feudal Age
20:07 Castle Age
19:13 Double-Bit Axe
19:33 Horse Collar
20:36 Scale Barding Armor
26:39 Forging
28:08 Husbandry
30:56 Padded Archer Armor
Trotamundos
5:54 Loom
8:55 Feudal Age
10:02 Double-Bit Axe
11:30 Horse Collar
16:52 Scale Barding Armor
16:58 Forging
17:10 Bloodlines
22:52 Castle Age
21:53 Gold Mining
23:41 Wheelbarrow
23:41 Chain Barding Armor
25:07 Iron Casting
24:56 Hand Cart
28:42 Kamandaran
29:21 Bow Saw
33:36 Imperial Age
32:14 Fletching
33:00 Iron Casting
Connection lost

Rejoining the realm…

Still unreachable

The connection could not be restored.

Session expired

The server has moved on; the page needs a fresh start.